 Dungeon Crawl Stone Soup version 0.30-a0-954-gcf5f444c16 (webtiles) character file.

Game seed: 9671697682508572619

101 Heoruswealwe the Shooter (level 4, -2/37 HPs)
             Began as a Demigod Hunter on Mar 29, 2023.
             Slain by a gnoll
             ... wielding a +0 spear
              (4 damage)
             ... on level 3 of the Dungeon.
             The game lasted 00:15:53 (1741 turns).

Heoruswealwe the Shooter (Demigod Hunter)           Turns: 1741, Time: 00:15:54

Health: -2/37      AC:  4    Str: 12    XL:     4   Next: 24%
Magic:  2/2        EV: 12    Int: 11    God:
Gold:   155        SH:  0    Dex: 21    Spells: 3/3 levels left

rFire   . . .      SeeInvis .    b - +0 triple crossbow (antimagic)
rCold   . . .      Faith    .    (shield currently unavailable)
rNeg    . . .      Spirit   .    c - +0 leather armour
rPois   .          Reflect  .    (no helmet)
rElec   .          Rampage  .    (no cloak)
rCorr   .                        i - +0 pair of gloves
Will    .....                    (no boots)
Stlth   ++                       (no amulet)
HPRegen 0.26/turn                (no ring)
MPRegen 0.08/turn                (no ring)

@: no status effects
A: high MP 1, forlorn, divine attributes
a: no special abilities


You were on level 3 of the Dungeon.
You visited 1 branch of the dungeon, and saw 3 of its levels.

You collected 155 gold pieces.

Inventory:

Hand Weapons
 a - the +12 spear of the Depths {flame, rElec Str+3}
   (You found it on level 2 of the Dungeon)

   Str:       It affects your strength (+3).
   rElec:     It insulates you from electricity.
 b - a +0 antimagic triple crossbow (weapon)
Armour
 c - a +0 leather armour (worn)
 i - a +0 pair of gloves (worn)
Jewellery
 h - an amulet of reflection
 j - a ring of protection from cold
Scrolls
 d - a scroll of enchant armour
 e - 2 scrolls of teleportation
 k - a scroll of magic mapping {unknown}
Potions
 f - a potion of flight
 g - a potion of resistance


   Skills:
 + Level 2.6 Fighting
 + Level 4.1 Ranged Weapons
 + Level 2.5 Dodging
 + Level 2.2 Stealth


You had 3 spell levels left.
You didn't know any spells.
Your spell library contained the following spells:

 Spells                   Type           Power      Damage    Failure   Level
 Summon Small Mammal      Summ           0%         N/A       41%         1
 Call Canine Familiar     Summ           0%         N/A       80%         3
 Summon Guardian Golem    Hex/Summ       0%         N/A       80%         3


Dungeon Overview and Level Annotations

Branches:
Dungeon (3/15)


Innate Abilities, Weirdness & Mutations

You have an increased reservoir of magic. (+10% MP)
You shall have no god before yourself.
Your divine heritage dramatically boosts your attributes as you level up.


Message History

You have reached level 4!
You are too injured to fight recklessly!
Fire: b) +0 triple crossbow (antimagic)
Press: ? - help, Q - select action Shift-Dir - straight line, f - gnoll
Aim: a gnoll, wielding a +0 spear (64% to hit)
You shoot a bolt. The bolt hits the gnoll!
The gnoll is heavily wounded.
The gnoll hits you from afar with a +0 spear!
* * * LOW HITPOINT WARNING * * *
The gnoll closely misses you.
Fire: b) +0 triple crossbow (antimagic)
Press: ? - help, Q - select action Shift-Dir - straight line, f/p - gnoll
Aim: a gnoll, wielding a +0 spear (heavily wounded, 64% to hit)
You shoot a bolt. The bolt hits the gnoll.
The gnoll is almost dead.
A kobold comes into view. It is wielding a +0 club.
The gnoll closely misses you.
Fire: b) +0 triple crossbow (antimagic)
Press: ? - help, Q - select action Shift-Dir - straight line, f/p - gnoll
Aim: a gnoll, wielding a +0 spear (almost dead, 64% to hit)
You shoot a bolt. The bolt hits the gnoll!!
You kill the gnoll!
The gnoll misses you.
Fire: b) +0 triple crossbow (antimagic)
Press: ? - help, Q - select action Shift-Dir - straight line, f/p - gnoll
Aim: a gnoll, wielding a +0 spear (almost dead, 64% to hit)
You shoot a bolt. The bolt hits the gnoll.
You kill the gnoll!
The gnoll hits you from afar with a +0 spear.
* * * LOW HITPOINT WARNING * * *
A gnoll comes into view. It is wielding a +0 spear.
Fire: b) +0 triple crossbow (antimagic)
Press: ? - help, Q - select action Shift-Dir - straight line, f - gnoll
Aim: a gnoll, wielding a +0 spear (64% to hit)
You shoot a bolt. The bolt hits the gnoll!
You kill the gnoll!
The gnoll hits you from afar with a +0 spear.
* * * LOW HITPOINT WARNING * * *
The gnoll hits you from afar with a +0 spear.
You die...

# ##.# ##.#.# #
##....#.#
########### ........
#.......(.###...##.#
#
#.#######.@.gK.....#
# #.# ######.##### #
#.# .# # ##.##### +#
# ####......# #
#.........# #
#.##..##..#
###.##..#...#
..............


You could see a gnoll and a kobold.

Vanquished Creatures
  2 adders (D:2)
  3 gnolls (D:3)
  A worm (D:2)
  2 dart slugs (D:1)
  An orc (D:3)
  A ball python (D:2)
  6 endoplasms
  5 giant cockroaches
  8 hobgoblins
  5 kobolds
  4 quokkas
  7 bats
  4 frilled lizards
  A goblin (D:2)
  8 rats
58 creatures vanquished.

Vanquished Creatures (others)
  23 plants (D:3)
23 creatures vanquished.

Grand Total: 81 creatures vanquished

Notes
Turn   | Place    | Note
-------+----------+-------------------------------------------
     0 | D:1      | Heoruswealwe the Demigod Hunter began the quest for the
                  | Orb.
     0 | D:1      | Reached XP level 1. HP: 17/17 MP: 3/3
    62 | D:1      | Reached skill level 1 in Stealth
   248 | D:1      | Reached XP level 2. HP: 24/24 MP: 4/4
   396 | D:1      | Noticed an eye of devastation
   397 | D:1      | Noticed a floating eye
   397 | D:1      | Noticed a great orb of eyes
   397 | D:1      | Noticed a shining eye
   856 | D:2      | Identified a scroll of acquirement
   856 | D:2      | Acquired a +0 antimagic triple crossbow
   895 | D:2      | Identified the +12 spear of the Depths {flame, rElec Str+3}
   907 | D:2      | Reached XP level 3. HP: 23/29 MP: 1/5
   937 | D:2      | Reached skill level 4 in Ranged Weapons
  1736 | D:3      | Reached XP level 4. HP: 12/37 MP: 2/6
  1741 | D:3      | Slain by a gnoll

Illustrated notes

Levels and vault maps discovered:
D:1:      dpeg_arrival_houses_and_road, layout_loops_ring,
          hellmonk_ecumenical_altar_watching_god, minmay_door_square
D:2:      layout_rooms, basic_altar, minmay_hexomino_p4
D:3:      layout_loops_corners, lemuel_crystal_altar, serial_bayou_pond_c

Skill      XL: |  1  2  3 |
---------------+----------+-----
Stealth        | 1 2 |  2.2
Fighting       | 2 |  2.6
Dodging        | 2 |  2.5
Ranged Weapons | 4 |  4.1

Action                     |  1- 3 |  4- 6 || total
---------------------------+-------+-------++-------
  Melee: Spear             |     4 |       ||     4
   Fire: Shortbow          |    62 |       ||    62
         Triple crossbow   |   112 |     5 ||   117
    Use: Scroll            |     8 |       ||     8
         Potion            |     1 |       ||     1
 Armour: Leather armour    |    22 |       ||    22
  Dodge: Dodged            |    52 |     3 ||    55

Table legend: (Time is in decaauts)
 A = Elapsed time spent in this place.
 B = Non-inter-level travel time spent in this place.
 C = Inter-level travel time spent in this place.
 D = Time resting spent in this place.
 E = Time spent auto-exploring this place.
 F = Levels seen in this place.
 G = Mean time per level.
                   A        B        C        D        E       F      G
               +--------+--------+--------+--------+--------+-----+--------+
         Total |   1902 |   1902 |      0 |      0 |     36 |   3 |  634.0 |
       Dungeon |   1902 |   1902 |      0 |      0 |     36 |   3 |  634.0 |
               +--------+--------+--------+--------+--------+-----+--------+

Top non-repeatable levels by time:
     D:1: 846 daAuts
     D:3: 605 daAuts
     D:2: 451 daAuts
